Map: Fields of Death

Players

Musumeci - Winner!

  • Race: Zerg Zerg
  • League: Diamond
  • Spawn Location: 6:00

MichyMoko - Winner!

  • Race: Zerg Zerg
  • Spawn Location: 7:00

ButtersDK

  • Race: Zerg Zerg
  • League: Diamond
  • Spawn Location: 12:00

manbearpigDK

  • Race: Terran Terran
  • League: Diamond
  • Spawn Location: 12:00

VOD

Have the link to the VOD?

Description

Time

  • Played on: March 31, 2017, 4:04 p.m.
  • Length: 27:36
Show
View Real Time Build Order
Export as new Build Order

Musumeci Zerg - Winner!

Build Orders: Hatch First, Lurkers 

Get SALT Encoding   

  12  0:02  Drone  
  13  0:12  Overlord  
  13  0:17  Drone  
  14  0:30  Drone x2  
  14  0:34  Drone  
  17  1:02  Hatchery, Drone  
  17  1:12  Spawning Pool  
  17  1:15  Drone, Extractor  
  16  1:20  Drone  
  16  1:23  Drone  
  18  1:28  Drone  
  19  1:40  Overlord  
  19  2:00  Spine Crawler  
  19  2:01  Spine Crawler  
  17  2:04  Roach Warren  
  16  2:08  Queen  
  28  2:44  Roach x5  
  28  2:45  Roach  
  30  2:54  Overlord  
  28  3:21  Roach x4  
  36  3:32  Zergling x8  
  40  3:39  Roach  
  38  4:04  Roach x3  
  42  4:34  Drone x2  
  44  5:09  Overlord x2  
  44  5:10  Overlord  
  44  5:18  Overlord  
  43  5:43  Drone x7  
  43  5:49  Hatchery  
  49  6:03  Hatchery  
  50  6:11  Roach  
  50  6:15  Lair  
  50  6:19  Ravager  
  50  6:20  Ravager  
  50  6:21  Ravager  
  54  6:32  Ravager  
  54  6:58  Drone x6  
  60  7:10  Queen  
  62  7:19  Overseer  
  62  7:22  Drone x2  
  64  7:23  Drone x6  
  64  7:29  Queen  
  72  7:32  Extractor  
  71  7:51  Drone x9  
  80  8:01  Evolution Chamber  
  80  8:02  Evolution Chamber  
  78  8:15  Extractor  
  78  8:18  Extractor  
  76  8:21  Roach x3  
  82  8:28  Zerg Missile Weapons Level 1  
  82  8:29  Hydralisk Den  
  81  8:44  Overlord x4  
  81  8:45  Overlord x2  
  81  8:47  Extractor  
  80  8:49  Extractor  
  79  9:02  Lurker Den  
  79  9:06  Drone x13  
  92  9:18  Drone x5  
  97  9:44  Hydralisk x4  
  97  9:45  Hydralisk x3  
  111  9:48  Overseer x2  
  111  9:56  Spore Crawler  
  111  9:57  Spore Crawler  
  111  9:58  Spore Crawler  
  108  10:01  Drone  
  108  10:02  Drone  
  108  10:04  Drone x4  
  108  10:05  Drone  
  108  10:06  Drone  
  116  10:10  Zerg Ground Armor Level 1  
  116  10:48  Hydralisk x2  
  116  10:49  Hydralisk  
  122  10:51  Overlord x6  
  122  11:30  Lurker x7  
  129  11:33  Hydralisk x7  
  129  11:37  Zerg Missile Weapons Level 2  
  143  11:53  Roach x8  
  159  11:55  Extractor  
  159  11:56  Hatchery  
  159  11:58  Extractor  
  156  12:09  Zergling x2  
  154  13:10  Zerg Ground Armor Level 2  
  154  13:11  Glial Reconstitution  
  154  13:14  Muscular Augments  
  154  13:19  Drone  
  158  13:20  Drone x4  
  158  13:21  Drone x3  
  158  13:22  Drone x3  
  165  13:40  Lurker x6  
  165  13:41  Lurker x3  
  172  13:42  Lurker  
  174  13:54  Zergling x2  
  170  15:06  Spire  
  169  15:14  Ravager  
  169  15:15  Ravager x6  
  176  15:22  Pneumatized Carapace  
  176  15:26  Infestation Pit  
  175  15:42  Queen  
  157  16:07  Spore Crawler  
  157  16:08  Spine Crawler  
  155  16:16  Zergling x2  
  155  16:18  Zergling x2  
  157  16:23  Drone x7  
  157  16:24  Drone  
  157  16:25  Drone x2  
  167  16:26  Drone x3  
  167  16:27  Overlord  
  167  16:28  Queen  
  172  16:36  Overlord x3  
  172  16:37  Overlord x4  
  172  16:58  Mutalisk x14  
  200  17:07  Mutalisk x5  
  200  17:08  Mutalisk  
  190  18:25  Mutalisk x13  
  196  18:41  Zerg Flyer Weapons Level 1  
  177  19:45  Mutalisk x13  
  171  20:21  Mutalisk  
  171  20:22  Mutalisk x13  
  185  21:00  Mutalisk x3  
  185  21:01  Mutalisk x4  
  199  21:05  Zerg Flyer Armor Level 1  
  199  21:41  Overseer x2  
  199  21:42  Overseer  
  199  22:13  Hatchery  
  199  22:14  Extractor  
  199  22:15  Extractor  
  186  22:39  Corruptor x7  
  142  23:10  Hydralisk  
  142  23:11  Hydralisk x6  
  156  23:24  Extractor  
  155  23:28  Corruptor  
  155  23:29  Corruptor x9  
  155  23:30  Hatchery  
  155  23:33  Extractor  
  173  23:43  Lurker  
  174  23:53  Lurker x2  
  174  23:54  Lurker x4  
  180  23:56  Corruptor x8  
  180  23:57  Corruptor  
  124  24:54  Roach x11  
  124  24:55  Roach x2  
  102  26:08  Corruptor x11  
  122  26:17  Hatchery  
  105  26:47  Corruptor x9  
  117  27:25  Hatchery  
Show
View Real Time Build Order
Export as new Build Order

MichyMoko Zerg - Winner!

Build Orders: Hatch First 

Get SALT Encoding   

  12  0:01  Drone  
  13  0:12  Overlord  
  13  0:17  Drone  
  14  0:30  Drone  
  14  0:31  Drone  
  14  0:35  Drone  
  17  0:55  Hatchery  
  16  1:06  Drone  
  17  1:12  Spawning Pool  
  16  1:30  Drone x2, Extractor  
  16  1:31  Drone  
  18  1:59  Queen  
  20  2:08  Spine Crawler, Queen  
  19  2:11  Overlord  
  19  2:12  Zergling x2  
  19  2:13  Spine Crawler  
  21  2:27  Drone  
  21  2:28  Roach Warren  
  21  2:33  Drone  
  22  2:47  Queen  
  24  2:55  Drone x2  
  24  2:57  Drone  
  26  3:06  Zergling x4  
  26  3:12  Roach  
  30  3:20  Roach x2  
  30  3:23  Zergling x2  
  35  3:35  Overlord x2  
  33  3:45  Zergling x6  
  34  3:49  Zergling x2  
  31  4:00  Roach  
  31  4:01  Roach  
  34  4:30  Queen  
  36  4:31  Drone x2  
  36  4:32  Drone x4  
  42  4:53  Roach x3  
  42  4:55  Ravager  
  42  4:56  Ravager  
  42  4:57  Ravager  
  51  5:07  Extractor  
  51  5:10  Lair  
  50  5:26  Zergling x2  
  50  5:27  Overlord  
  50  5:28  Overlord x3  
  51  6:12  Drone x6  
  51  6:13  Drone  
  58  6:30  Glial Reconstitution  
  58  6:32  Roach  
  60  6:33  Roach x4  
  60  6:36  Evolution Chamber  
  60  6:38  Evolution Chamber, Overlord  
  66  6:45  Extractor  
  66  6:46  Drone x3  
  68  6:47  Extractor  
  67  7:06  Zerg Missile Weapons Level 1  
  67  7:16  Drone x2  
  67  7:17  Drone x2  
  67  7:18  Hatchery, Drone x6  
  76  7:35  Zerg Ground Armor Level 1  
  76  8:11  Overlord x3  
  76  8:12  Hatchery  
  76  8:13  Roach  
  76  8:14  Roach x5  
  87  8:26  Metabolic Boost  
  87  8:33  Roach x4  
  95  9:12  Overlord  
  95  9:13  Overlord x2  
  95  9:14  Drone x4  
  95  9:15  Roach  
  95  9:16  Roach x5  
  111  9:18  Ravager x3  
  114  10:01  Zergling x6, Extractor x2  
  114  10:06  Overseer  
  115  10:10  Roach x5  
  115  10:11  Roach  
  127  10:26  Roach x9  
  145  10:30  Overlord x3  
  145  10:31  Overlord  
  145  10:59  Zerg Missile Weapons Level 2  
  145  11:01  Hydralisk Den, Zerg Ground Armor Level 2  
  144  11:09  Drone  
  144  11:10  Drone  
  144  11:11  Drone x2  
  148  11:13  Drone x4  
  148  11:14  Drone x2  
  154  11:33  Drone, Spore Crawler  
  154  11:34  Drone x5, Spore Crawler  
  154  11:35  Spore Crawler  
  157  11:41  Overseer  
  157  11:45  Ravager x5  
  157  11:46  Ravager x4  
  166  12:06  Hatchery  
  165  12:10  Queen  
  163  12:40  Hydralisk x3  
  169  12:47  Overlord  
  169  12:48  Overlord x4  
  169  13:25  Infestation Pit  
  168  13:45  Ravager x6  
  168  13:46  Ravager x6  
  179  14:31  Hydralisk x8  
  179  14:32  Hydralisk x2  
  179  14:37  Muscular Augments  
  199  15:01  Drone  
  199  15:04  Hive  
  197  15:49  Roach x2  
  200  16:35  Extractor  
  200  16:36  Zerg Missile Weapons Level 3  
  200  16:37  Extractor, Zerg Ground Armor Level 3  
  190  17:17  Roach x2  
  187  18:06  Overlord x6  
  187  18:07  Overlord  
  177  18:42  Queen  
  177  18:46  Hatchery  
  178  18:55  Hatchery  
  177  19:18  Hatchery  
  177  19:20  Roach x11  
  177  19:21  Roach  
  200  19:52  Extractor, Ravager  
  194  20:32  Roach  
  168  21:39  Hydralisk x3  
  174  21:54  Hydralisk x13  
  195  23:04  Overseer x2  
  195  24:15  Extractor  
  195  24:16  Extractor  
  193  24:23  Hydralisk  
  193  24:24  Hydralisk x2  
  199  24:33  Hatchery  
  125  24:55  Hatchery  
  125  24:56  Hydralisk x5  
  127  25:16  Hydralisk x2  
  127  25:18  Zergling x16  
  127  25:19  Zergling x26  
  150  25:50  Overseer  
  150  26:10  Hydralisk  
  150  26:11  Hydralisk x5  
  152  26:15  Roach  
  161  26:34  Zergling x2  
  161  26:35  Zergling x34  
  161  26:36  Zergling x24  
  189  26:48  Roach x4  
  186  27:06  Roach x7  
  186  27:07  Roach  
  195  27:09  Extractor  
  195  27:10  Extractor  
Show
View Real Time Build Order
Export as new Build Order

ButtersDK Zerg 

Build Orders: Hatch First, Lurkers 

Get SALT Encoding   

  12  0:01  Drone  
  13  0:13  Overlord  
  13  0:19  Drone  
  14  0:32  Drone x2  
  16  0:35  Drone  
  17  0:52  Hatchery  
  17  0:55  Drone  
  17  1:01  Drone  
  18  1:05  Extractor  
  17  1:16  Spawning Pool  
  16  1:20  Drone  
  16  1:21  Drone  
  18  1:30  Drone  
  19  1:40  Overlord  
  19  2:02  Zergling x2  
  19  2:03  Zergling x2  
  19  2:07  Zergling x2  
  22  2:09  Metabolic Boost  
  22  2:14  Zergling x4  
  24  2:21  Hatchery  
  23  2:23  Zergling x2  
  23  2:28  Zergling x2  
  25  2:34  Queen  
  27  2:37  Zergling x2  
  27  2:40  Zergling x2  
  29  2:44  Zergling x2  
  29  2:47  Zergling x2  
  31  2:55  Zergling x2  
  31  2:58  Zergling x2  
  33  3:09  Zergling x4  
  36  3:23  Spine Crawler  
  34  3:28  Zergling x2  
  35  3:36  Overlord  
  35  3:37  Overlord  
  35  3:42  Zergling x2  
  35  3:43  Overlord x2  
  33  3:58  Zergling x4  
  31  4:06  Zergling x4  
  32  4:10  Queen  
  32  4:11  Zergling x2  
  32  4:20  Zergling x2  
  32  4:22  Zergling x2  
  33  4:27  Zergling x2  
  33  4:28  Hatchery  
  33  4:36  Zergling x4  
  33  4:46  Drone x4  
  33  4:52  Roach Warren  
  36  4:54  Zergling x2  
  36  4:59  Zergling x2  
  38  5:07  Queen  
  38  5:10  Spine Crawler  
  39  5:16  Zergling x4  
  39  5:17  Zergling x4  
  43  5:28  Zergling x8  
  46  5:29  Zergling x2  
  38  5:53  Overlord x2  
  38  6:02  Overlord  
  38  6:06  Roach  
  38  6:10  Extractor  
  39  6:11  Extractor  
  39  6:12  Drone x6  
  39  6:13  Drone  
  39  6:14  Extractor  
  44  6:19  Queen  
  46  6:31  Roach  
  46  6:32  Roach  
  50  6:39  Overlord  
  50  6:41  Drone  
  50  6:45  Overlord  
  51  6:55  Overlord  
  51  6:57  Roach  
  53  7:06  Overlord  
  53  7:12  Roach x2  
  53  7:14  Drone  
  58  7:21  Roach  
  60  7:36  Roach x4  
  67  7:47  Roach x2  
  71  7:51  Ravager x2  
  73  8:08  Overlord  
  73  8:12  Drone x3  
  76  8:15  Drone x5  
  81  8:36  Unknown, Roach x3  
  81  8:37  Roach  
  88  8:46  Lair  
  88  8:48  Drone x2  
  90  8:56  Drone x3  
  93  9:20  Pneumatized Carapace  
  93  9:24  Overlord  
  93  9:26  Evolution Chamber  
  93  9:28  Evolution Chamber  
  91  9:36  Queen, Overlord  
  91  9:37  Baneling Nest  
  92  9:43  Drone x2  
  92  9:44  Drone x5  
  99  9:59  Overlord  
  99  10:04  Overlord  
  99  10:05  Hydralisk Den  
  98  10:54  Overlord  
  98  10:56  Zerg Missile Weapons Level 1  
  98  10:57  Zerg Ground Armor Level 1  
  98  10:59  Lurker Den  
  98  11:02  Hydralisk x6  
  98  11:03  Hydralisk x6  
  122  11:05  Drone  
  123  11:25  Hatchery  
  122  11:32  Centrifical Hooks  
  122  11:34  Overlord  
  122  11:37  Overlord  
  122  11:40  Hydralisk x3  
  128  11:50  Burrow  
  128  11:51  Drone x4  
  132  11:55  Extractor x2  
  132  11:56  Spore Crawler  
  129  12:04  Infestation Pit  
  128  12:12  Hydralisk  
  128  12:13  Hydralisk x2  
  134  12:19  Glial Reconstitution  
  134  12:26  Muscular Augments  
  136  12:44  Lurker x5  
  136  12:45  Lurker  
  139  12:53  Lurker  
  136  13:09  Overseer x3  
  136  13:20  Baneling x6  
  136  13:21  Baneling  
  136  13:25  Zergling x4  
  136  13:26  Zergling x18  
  136  13:27  Zergling x14  
  149  13:28  Zergling x8  
  158  13:40  Overlord  
  158  13:42  Overlord  
  149  14:47  Unknown, Lurker x7  
  149  14:48  Unknown, Lurker x2  
  156  15:06  Spire  
  155  15:27  Extractor  
  153  15:31  Extractor  
  132  16:13  Hive  
  132  16:24  Overlord  
  131  16:27  Overlord  
  131  16:32  Drone x3  
  134  16:33  Drone x3  
  134  16:34  Overlord  
  137  16:48  Overlord  
  137  16:51  Overseer x3  
  137  16:55  Overlord  
  137  16:57  Zerg Melee Weapons Level 1, Zerg Ground Armor Level 2  
  137  17:03  Evolution Chamber  
  137  17:04  Drone x3  
  137  17:05  Drone x3  
  142  17:10  Extractor  
  142  17:12  Hatchery  
  142  17:14  Extractor  
  139  17:21  Hatchery  
  139  17:22  Extractor, Spire  
  136  17:24  Greater Spire  
  136  17:26  Zergling x2  
  137  17:30  Overlord  
  137  17:50  Hydralisk x7  
  137  17:51  Hydralisk x8  
  151  17:52  Hydralisk x6  
  179  18:05  Corruptor  
  179  18:07  Spore Crawler  
  175  18:32  Spore Crawler  
  174  18:37  Corruptor x3  
  169  19:35  Drone x5  
  169  19:36  Drone x2, Corruptor x4  
  169  19:37  Corruptor x8  
  187  19:50  Spore Crawler  
  187  19:51  Drone, Spore Crawler  
  187  19:52  Drone x2  
  188  19:53  Drone, Spore Crawler  
  188  20:41  Drone x4  
  188  20:42  Drone x3  
  195  20:43  Overlord  
  195  20:59  Corruptor x3  
  200  21:15  Zerg Missile Weapons Level 2  
  196  21:27  Drone x4  
  196  21:30  Drone  
  194  21:44  Spore Crawler  
  194  21:46  Spore Crawler x2  
  191  21:48  Corruptor x2  
  191  21:49  Spore Crawler  
  191  21:51  Spore Crawler  
  191  21:52  Spore Crawler  
  192  22:17  Zerg Flyer Armor Level 1  
  192  22:18  Zerg Flyer Weapons Level 1  
  192  22:24  Overseer  
  192  23:06  Corruptor x4  
  186  23:44  Brood Lord  
  186  23:47  Brood Lord x4  
  186  23:48  Corruptor, Brood Lord  
  200  24:30  Hatchery  
  105  24:51  Corruptor x5  
  105  24:52  Corruptor x3  
  64  25:07  Corruptor  
  56  25:08  Corruptor  
  56  25:37  Brood Lord x2  
  60  25:53  Corruptor  
  57  26:16  Overseer x3  
Show
View Real Time Build Order
Export as new Build Order

manbearpigDK Terran 

Build Orders: MMM Bio 

Get SALT Encoding   

  12  0:01  SCV  
  13  0:13  SCV  
  14  0:21  Supply Depot  
  14  0:26  SCV  
  15  0:42  SCV  
  16  0:53  Barracks  
  16  0:57  Barracks  
  16  1:01  SCV  
  17  1:12  Supply Depot  
  17  1:13  SCV  
  18  1:41  Barracks  
  18  1:44  Marine  
  18  1:45  Barracks, Marine  
  21  1:55  Orbital Command  
  20  2:02  Marine  
  20  2:03  Marine  
  22  2:20  Marine x2  
  24  2:30  SCV  
  24  2:33  Marine, Supply Depot  
  24  2:34  Marine  
  27  2:38  Marine x2  
  27  2:42  SCV  
  30  2:51  Marine  
  31  2:55  Marine  
  31  2:56  Bunker, Marine x2  
  34  2:59  Bunker  
  34  3:08  Marine  
  35  3:13  Marine  
  34  3:22  Marine x2  
  34  3:26  Marine  
  37  3:30  Marine  
  38  3:40  Marine  
  39  3:48  Supply Depot  
  39  3:51  Refinery  
  39  3:55  Marine  
  39  3:58  Command Center  
  39  4:09  Marine  
  38  4:37  Refinery  
  37  4:55  Command Center  
  37  4:57  Supply Depot  
  37  5:10  Bunker x2  
  37  5:55  SCV  
  38  5:58  Orbital Command, Barracks Reactor  
  38  5:59  Barracks Reactor  
  38  6:03  Barracks Reactor  
  38  6:05  Barracks Tech Lab  
  38  6:07  Orbital Command, SCV  
  39  6:13  Factory  
  39  6:19  SCV  
  40  6:29  SCV  
  40  6:31  SCV  
  42  6:34  SCV  
  43  6:41  SCV, Stimpack, Marine x5  
  43  6:42  Marine  
  43  6:43  SCV, Marine  
  43  6:46  SCV  
  53  6:53  SCV  
  54  6:55  SCV  
  54  6:58  SCV  
  54  6:59  Starport, Marine  
  57  7:01  Factory Reactor  
  57  7:06  Supply Depot  
  57  7:07  SCV x2, Supply Depot  
  59  7:11  SCV  
  59  7:12  Refinery  
  60  7:19  SCV x2  
  60  7:21  Marine x3  
  60  7:22  Marauder, Marine  
  67  7:23  Marine  
  69  7:32  SCV x3  
  72  7:44  SCV x3  
  75  7:54  Factory Tech Lab, Command Center  
  75  8:02  Engineering Bay  
  75  8:03  Engineering Bay  
  75  8:08  Medivac x2  
  79  8:21  SCV  
  79  8:22  SCV x2  
  82  8:30  Terran Infantry Weapons Level 1  
  82  8:31  Terran Infantry Armor Level 1  
  82  8:34  SCV x3  
  85  8:46  Marine x3  
  85  8:47  Marauder  
  90  8:51  Barracks  
  90  8:52  Medivac  
  90  8:53  Medivac  
  94  8:59  SCV x2  
  94  9:00  SCV, Refinery  
  97  9:08  Marauder  
  97  9:09  Refinery x2  
  99  9:10  Missile Turret  
  99  9:11  SCV  
  99  9:12  SCV x2  
  99  9:13  Missile Turret  
  102  9:23  SCV  
  102  9:24  SCV  
  104  9:25  SCV  
  104  9:30  Combat Shields  
  105  9:36  SCV x2, Medivac  
  105  9:37  SCV  
  110  9:40  Barracks  
  110  9:43  Armory  
  110  9:57  Marine x5  
  110  9:58  Barracks Tech Lab  
  110  9:59  Marine  
  116  10:06  Supply Depot x2  
  116  10:08  Supply Depot  
  116  10:11  Planetary Fortress  
  116  10:20  Marine  
  116  10:21  Marine  
  115  10:40  Marauder  
  117  10:45  Marine x3  
  117  10:46  Marine  
  117  10:49  Barracks Tech Lab  
  121  10:50  Marine  
  121  10:51  Terran Infantry Weapons Level 2, Terran Infantry Armor Level 2  
  121  10:53  Siege Tank  
  125  10:57  Barracks  
  125  10:59  Terran Vehicle Weapons Level 1  
  125  11:00  Barracks  
  125  11:01  Marauder  
  125  11:03  Supply Depot  
  127  11:05  Missile Turret, Supply Depot  
  127  11:10  Missile Turret  
  127  11:11  SCV  
  122  11:20  Marine x4  
  122  11:21  Marine x4  
  122  11:23  Marauder, SCV  
  122  11:25  Siege Tank  
  136  11:30  Missile Turret  
  136  11:35  SCV  
  136  11:38  Marine x3  
  140  11:41  Supply Depot  
  140  11:43  Supply Depot  
  140  11:44  Marauder  
  140  11:45  Barracks  
  142  11:47  SCV  
  143  11:57  Command Center  
  143  11:59  SCV  
  144  12:13  Unknown x2  
  143  12:47  Marine x2  
  143  12:48  Marauder x3, Marine x2  
  143  12:49  Marine x2  
  155  13:05  Marine x2  
  154  13:06  Marine x3  
  154  13:07  Marine  
  154  13:09  Marauder  
  154  13:10  Marauder x2  
  166  13:13  Command Center  
  166  13:16  Barracks Tech Lab x2  
  166  13:19  Barracks Reactor  
  166  13:23  Marine x2  
  166  13:24  Marine x3  
  166  13:25  Marine  
  172  13:38  Terran Infantry Weapons Level 3, Supply Depot, Terran Infantry Armor Level 3, Terran Vehicle Weapons Level 2  
  172  13:42  Concussive Shells  
  172  13:58  Marine  
  172  13:59  Marine x2, Command Center  
  172  14:00  Marauder x3, Supply Depot  
  180  14:11  Marine  
  180  14:22  Marauder x2, Siege Tank  
  187  14:25  Marauder x2  
  187  14:29  Medivac x2  
  195  14:31  Supply Depot  
  195  14:33  Marauder, Marine x3  
  199  15:20  Missile Turret  
  199  15:40  Missile Turret  
  199  15:42  Planetary Fortress  
  199  15:56  Terran Vehicle Weapons Level 3  
  177  16:40  Marine x2  
  177  16:41  Marauder x4, Marine x5  
  177  16:42  Marauder, Marine  
  195  16:58  Marine x3  
  195  16:59  Marine x2  
  186  17:35  Marauder, Marine x4  
  186  17:36  Marauder x4  
  196  17:54  Missile Turret  
  196  18:02  Marine x4  
  196  18:03  Marine  
  199  18:08  Marine x3  
  199  18:09  Marine x2  
  199  18:13  Missile Turret  
  199  18:23  Missile Turret  
  199  18:24  Missile Turret  
  199  18:26  Missile Turret  
  176  18:52  Marine x2  
  176  18:53  Marauder x4, Marine x4  
  176  18:54  Marauder, Marine  
  193  19:12  Marine x3  
  193  19:13  Marine  
  193  19:14  Marauder  
  198  20:14  Missile Turret  
  198  20:19  Missile Turret  
  142  21:00  Marine x4  
  142  21:01  Marauder x3, Marine x2  
  142  21:02  Marauder x2, Marine x2  
  155  21:06  Medivac  
  155  21:07  Medivac  
  155  21:08  Terran Ship Weapons Level 1  
  159  21:13  Planetary Fortress  
  159  21:15  Missile Turret  
  159  21:18  Marine x4  
  160  21:19  Marine x4  
  160  21:22  Marauder, Command Center  
  160  21:23  Marauder x4  
  177  21:35  Missile Turret  
  177  21:36  Marine x3  
  180  21:44  Marauder x2  
  184  21:48  Medivac  
  184  21:49  Medivac  
  188  22:00  Refinery  
  188  22:02  Refinery  
  188  22:08  Missile Turret  
  182  22:18  Medivac  
  182  22:19  Medivac  
  185  22:48  Medivac  
  182  23:07  Marine x2  
  182  23:08  Marauder, Marine x2  
  182  23:09  Marauder x2  
  189  23:21  Marine x2  
  189  23:22  Marauder x2, Marine x2  
  189  23:25  Marine, Medivac x2  
  200  23:35  Command Center  
  200  23:39  Missile Turret  
  200  23:53  Refinery  
  200  24:17  Refinery  
  200  24:21  Missile Turret  
  117  24:40  Marine x2  
  117  24:41  Marauder x3, Missile Turret, Marine x3  
  117  24:42  Marauder x2, Marine x2  
  110  24:50  Marine  
  107  24:58  Marine x2  
  107  24:59  Marine x4  
  112  25:00  Marine  
  112  25:01  Missile Turret  
  112  25:02  Marauder x2, Marine x2  
  112  25:03  Marine  
  119  25:08  Marine  
  116  25:16  Marine x2  
  116  25:17  Marine x2  
  116  25:21  Marauder x2, Missile Turret  
  127  25:23  Marine x2  
  127  25:28  Marine  
  126  25:30  Marine  
  126  25:34  Marine  
  126  25:35  Marine  
  123  25:40  Missile Turret  
  123  25:41  Marine x2  
  123  25:42  Marine x2  
  128  25:45  Marine  
  128  25:48  Marine  
  130  25:51  Marine  
  130  25:53  Marine  
  132  25:58  Barracks  
  132  25:59  Marauder, Marine x2  
  132  26:00  Barracks x2, Marine  
  132  26:01  Missile Turret  
  132  26:02  Factory x2  
  132  26:03  Marine  
  138  26:06  Marine  
  138  26:09  Marine  
  138  26:11  Marine  
  137  26:17  Marine x2  
  137  26:18  Marauder  
  134  26:21  Marauder, Marine  
  134  26:22  Missile Turret  
  134  26:23  Marine  
  127  26:27  Marine  
  127  26:28  Marine  
  129  26:34  Marine  
  129  26:35  Viking x2, Marine  
  129  26:39  Marauder, Marine  
  133  26:41  Marine  
  133  26:42  Marauder, Missile Turret  
  133  26:45  Marine  
  133  26:46  Marine  
  138  26:52  Marine  
  138  26:53  Marine  
  140  26:57  Marine  
  140  26:59  Marine  
  140  27:01  Marauder, Missile Turret  
  130  27:03  Marine  
  130  27:04  Marauder, Marine  
  130  27:05  Viking x2  
  130  27:10  Marine  
  130  27:11  Marine  
  130  27:14  Marine  
  129  27:17  Marine  
Tags
 
Add a new tag
Caveats
  • Supply blocks, unpowered buildings, or Contaminate may cause inaccurate times.
  • Supply counts are checked every 10 seconds.